 Dungeon Crawl Stone Soup version 0.27.0-1-g7a089689b8 (webtiles) character file.

Game seed: 6507589764551032018

144 emiel the Gusty (level 5, -2/26 HPs)
             Began as a Spriggan Air Elementalist on Aug 8, 2021.
             Killed by nerve-wracking pain
             ... invoked by an orc priest
              (3 damage)
             ... on level 3 of the Dungeon.
             The game lasted 00:03:15 (3418 turns).

emiel the Gusty (Spriggan Air Elementalist)         Turns: 3418, Time: 00:03:16

Health: -2/26      AC:  3    Str:  4    XL:     5   Next: 5%
Magic:  0/12       EV: 17    Int: 19    God:
Gold:   65         SH:  0    Dex: 18    Spells: 11/12 levels left

rFire    . . .     SeeInvis +   l - +0 whip (elec)
rCold    . . .     Faith    .   (shield restricted)
rNeg     + . .     Spirit   .   a - +0 robe
rPois    .         Reflect  .   (helmet restricted)
rElec    .         Harm     .   c - +0 cloak
rCorr    .         Rampage  .   (gloves unavailable)
Will     .....                  (boots unavailable)
Stlth    ++........             (no amulet)
HPRegen  0.08/turn              e - ring of positive energy
MPRegen  0.13/turn              (no ring)

@: attractive, very quick
A: very small, no large weapons, unfitting armour, see invisible, speed 3, agile
1, clever 1, robust 1
a: no special abilities


You were on level 3 of the Dungeon.
You visited 1 branch of the dungeon, and saw 3 of its levels.

You collected 65 gold pieces.

Inventory:

Hand Weapons
 g - a +0 dagger
 l - a +0 whip of electrocution (weapon)
Armour
 a - a +0 robe (worn)
 c - a +0 cloak (worn)
Jewellery
 b - an amulet of reflection
 e - a ring of positive energy (left hand)
Scrolls
 f - a scroll of magic mapping {unknown}
 h - a scroll of torment {unknown}
 i - 2 scrolls of enchant weapon {unknown}
 k - 2 scrolls of vulnerability {unknown}
 m - a scroll of teleportation {unknown}
 n - 2 scrolls of immolation {unknown}
 q - a scroll of fog {unknown}
Potions
 o - a potion of curing {unknown}
 p - a potion of degeneration {unknown}


   Skills:
 - Level 2.6 Dodging
 - Level 3.0 Stealth
 + Level 4.2 Spellcasting
 - Level 0.6 Conjurations
 * Level 4.6 Air Magic


You had 11 spell levels left.
You knew the following spells:

 Your Spells              Type           Power      Damage    Failure   Level
a - Shock                 Conj/Air       52%        1d6       4%          1

Your spell library contained the following spells:

 Spells                   Type           Power      Damage    Failure   Level
 Swiftness                Air            21%        N/A       6%          3
 Static Discharge         Conj/Air       13%        N/A       7%          2
 Corona                   Hex            4%         N/A       14%         1
 Summon Small Mammal      Summ           16%        N/A       14%         1
 Ensorcelled Hibernation  Hex/Ice        8%         N/A       21%         2
 Airstrike                Air            10%        N/A       21%         4
 Call Canine Familiar     Summ           4%         N/A       38%         3
 Portal Projectile        Hex/Tloc       8%         N/A       38%         3
 Summon Guardian Golem    Hex/Summ       4%         N/A       38%         3
 Tukima's Dance           Hex            4%         N/A       38%         3
 Blade Hands              Tmut           2%         N/A       98%         5
 Excruciating Wounds      Necr           2%         N/A       98%         5


Dungeon Overview and Level Annotations

Branches:
Dungeon (3/15)

Altars:


Innate Abilities, Weirdness & Mutations

You are very small and have problems with some larger weapons.
You are too small for most types of armour.
You have supernaturally acute eyesight. (SInv)
You cover ground extremely quickly. (Speed+++)
You are agile. (Dex +2)
Your mind is acute. (Int +2)
You are robust. (+10% HP)


Message History

The orc priest miscasts a cantrip.
Unknown command.
You barely miss the orc priest.
The orc priest is severely wounded.
The orc priest closely misses you.
Unknown command.
You hit the orc priest but do no damage.
The orc priest is severely wounded.
The orc priest calls down the wrath of Beogh upon you.
Pain shoots through your body!
Unknown command.
You closely miss the orc priest.
The orc priest is severely wounded.
The orc priest closely misses you.
Unknown command.
Unknown command.
Unknown command.
You closely miss the orc priest.
The orc priest is severely wounded.
The orc priest hits you with a +0 club.
* * * LOW HITPOINT WARNING * * *
The orc priest hits you with a +0 club.
* * * LOW HITPOINT WARNING * * *
Unknown command.
Casting: Shock (safe; 5% risk of failure)
Confirm with . or Enter, or press ? or * to list all spells.
Aiming: Shock (safe; 5% risk of failure)
Press: ? - help, Shift-Dir - straight line, f/p - orc priest
Aim: an orc priest, wielding a +0 club and wearing a +0 leather armour (severely wounded, 68% to hit)
The zap misses the orc priest.
The orc priest hits you with a +0 club.
* * * LOW HITPOINT WARNING * * *
Unknown command.
It was a potion of mutation.
You feel extremely strange.
You feel agile.
You feel clever.
You feel robust. The orc priest barely misses you.
It was a potion of attraction.
You feel attractive to monsters.
The orc priest invokes the aid of Beogh against you.
Pain shoots through your body!
You die...

#.......... #<.# #)#
#..# #)# #g.# #.# ..
#[.# #.# #####.. .
#..# #.# ..#... )
#$.# #.# #.#.# .#
.).## #.# ##...##.#
#.###.##@###.....†.#
#..o.......>.#.##.
##.#.##........(..
#.#.##.##.#.#.### #
#....##.#.#.#
#######.#.#.#
#####.#.#.######
#........)......
#..#####.########


You could see an orc priest.

Vanquished Creatures
  An orc wizard (D:3)
  2 adders (D:2)
  3 gnolls
  4 worms (D:2)
  3 dart slugs
  3 orcs
  5 ball pythons
  A bat (D:2)
  An endoplasm (D:2)
  4 giant cockroaches (D:2)
  6 goblins
  3 hobgoblins (D:2)
  4 jackals (D:1)
  3 kobolds
  A quokka (D:2)
  A ball python skeleton (D:2)
  A frilled lizard (D:1)
  5 rats
51 creatures vanquished.

Notes
Turn   | Place    | Note
-------+----------+-------------------------------------------
     0 | D:1      | emiel the Spriggan Air Elementalist began the quest for the
                  | Orb.
     0 | D:1      | Reached XP level 1. HP: 9/9 MP: 5/5
   733 | D:1      | Reached XP level 2. HP: 13/13 MP: 0/6
  1236 | D:2      | Found a faded altar of an unknown god.
  1451 | D:2      | Reached XP level 3. HP: 16/16 MP: 4/8
  2712 | D:2      | Reached XP level 4. HP: 21/21 MP: 4/10
  3357 | D:3      | Reached XP level 5. HP: 20/24 MP: 5/12
  3416 | D:3      | HP: 1/24 [orc priest (4)]
  3417 | D:3      | Gained mutation: You are agile. (Dex +2) [potion of
                  | mutation]
  3417 | D:3      | Gained mutation: Your mind is acute. (Int +2) [potion of
                  | mutation]
  3417 | D:3      | Gained mutation: You are robust. (+10% HP) [potion of
                  | mutation]
  3418 | D:3      | Killed from afar by an orc priest

Illustrated notes

Levels and vault maps discovered:
D:1:      amcnicky_arrival_feature_with_door, layout_loops_cross
D:2:      layout_basic, shapermc_ecumenical_altar_starsandcircs,
          minmay_divided_ellipse
D:3:      layout_loops_ring, nemelex_diamond_rough_becter,
          mainiacjoe_overflow_alcove_1

Skill      XL: |  1  2  3  4 |
---------------+-------------+-----
Air Magic      | 3 4 |  4.6
Spellcasting   | 3 4 |  4.2
Dodging        | |  2.6
Stealth        | |  3.0
Conjurations   | |  0.6

Action                   |  1- 3 |  4- 6 || total
-------------------------+-------+-------++-------
Melee: Whip              |    11 |    11 ||    22
 Cast: Shock             |   104 |    41 ||   145
  Use: Potion            |       |     2 ||     2
Armor: Robe              |     5 |       ||     5
Dodge: Dodged            |    16 |    25 ||    41
